 Dungeon Crawl Stone Soup version 0.21.1-1-g345015f (webtiles) character file.

1286 theblackcape the Charmwright (level 8, -7/64 HPs)
             Began as a Gnoll Skald on July 27, 2018.
             Mangled by a two-headed ogre
             ... wielding a +0 giant club
              (13 damage)
             ... on level 8 of the Dungeon.
             The game lasted 00:19:46 (4944 turns).

theblackcape the Charmwright (Gnoll Skald)          Turns: 4944, Time: 00:19:47

Health: -7/64      AC:  7    Str: 15    XL:     8   Next: 55%
Magic:  0/17       EV: 13    Int: 16    God:
Gold:   232        SH:  9    Dex: 15    Spells: 8/19 levels left

rFire    . . .     SeeInvis +   k - +1 dagger (speed)
rCold    . . .     Gourm    .   r - +0 shield
rNeg     . . .     Faith    .   e - +0 troll leather armour {Purgy}
rPois    .         Spirit   .   l - +0 helmet
rElec    .         Reflect  .   (no cloak)
rCorr    .         Harm     .   q - +0 pair of gloves
MR       .....                  (no boots)
Stlth    ++........             (no amulet)
HPRegen  0.60/turn              p - +5 ring of slaying
MPRegen  0.15/turn              v - ring of see invisible

@: infused, very slightly contaminated
A: distributed training, fangs 1, strong nose
a: no special abilities


You were on level 8 of the Dungeon.
You were not hungry.

You visited 1 branch of the dungeon, and saw 6 of its levels.
You also visited: Sewer.

You collected 232 gold pieces.

Inventory:

Hand Weapons
 a - a +0 hand axe
 k - a +1 dagger of speed (weapon)
Missiles
 s - 16 tomahawks (quivered)
Armour
 e - a +0 troll leather armour (worn) {Purgy}
 l - a +0 helmet (worn)
 q - a +0 pair of gloves (worn)
 r - a +0 shield (worn)
Jewellery
 p - a +5 ring of slaying (left hand)
 t - an uncursed ring of flight
 v - a ring of see invisible (right hand)
 x - an uncursed ring of fire
 z - a cursed ring of teleportation {unknown}
Wands
 y - a wand of polymorph (12)
Scrolls
 f - a scroll of fear {unknown}
 i - 2 scrolls of immolation
 n - a scroll of amnesia {unknown}
Potions
 b - a potion of might {unknown}
 g - 5 potions of flight
 j - a potion of brilliance {unknown}
 m - 2 potions of curing
 o - 2 potions of ambrosia
Books
 c - a book of Battle

   Spells                             Type                      Level
   a - Infusion                       Charms                       1
   b - Shroud of Golubria             Charms/Translocation         2
   c - Song of Slaying                Charms                       2
   d - Spectral Weapon                Hexes/Charms                 3
   e - Regeneration                   Charms/Necromancy            3
 u - a book of Geomancy

   Spells                             Type                      Level
   a - Sandblast                      Earth                        1
   b - Passwall                       Transmutation/Earth          2
   c - Stone Arrow                    Conjuration/Earth            3
   d - Petrify                        Transmutation/Earth          4
   e - Lee's Rapid Deconstruction     Earth                        5
Comestibles
 d - 6 rations
 h - 5 chunks of flesh


   Skills:
 + Level 5.7 Fighting
 + Level 3.3 Short Blades
 + Level 3.3 Long Blades
 + Level 5.7 Axes
 + Level 3.3 Maces & Flails
 + Level 3.3 Polearms
 + Level 3.3 Staves
 + Level 3.3 Slings
 + Level 3.3 Bows
 + Level 3.3 Crossbows
 + Level 3.3 Throwing
 + Level 4.2 Armour
 + Level 5.7 Dodging
 + Level 3.3 Stealth
 + Level 3.3 Shields
 + Level 3.3 Unarmed Combat
 + Level 6.0 Spellcasting
 + Level 2.7 Conjurations
 + Level 2.7 Hexes
 + Level 6.1 Charms
 + Level 2.7 Summonings
 + Level 2.7 Necromancy
 + Level 2.7 Translocations
 + Level 2.7 Transmutations
 + Level 2.7 Fire Magic
 + Level 2.7 Ice Magic
 + Level 2.7 Air Magic
 + Level 2.7 Earth Magic
 + Level 2.7 Poison Magic
 + Level 3.6 Invocations
 + Level 3.3 Evocations


You had 8 spell levels left.
You knew the following spells:

 Your Spells              Type           Power        Failure   Level  Hunger
a - Infusion              Chrm           ###.         6%          1    None
b - Shroud of Golubria    Chrm/Tloc      ###.......   19%         2    #......
c - Song of Slaying       Chrm           ###.....     9%          2    #......
d - Regeneration          Chrm/Necr      ###.......   36%         3    ##.....
e - Spectral Weapon       Hex/Chrm       ###.....     36%         3    ##.....


Dungeon Overview and Level Annotations

Branches:
Dungeon (5/15)
 Temple: D:4-7

Altars:
Dithmenos
Gozag
Makhleb
Nemelex Xobeh
Okawaru
Ru
Uskayaw
Zin
The Shining One

Annotations:
D:4 exclusion: green death
D:8 aaksess's ghost, novice FoEE


Innate Abilities, Weirdness & Mutations

Your experience applies equally to all skills.
You have very sharp teeth.
Your uncanny sense of smell can sniff out nearby items.


Message History

You hit the two-headed ogre. Your bite misses the two-headed ogre.
The two-headed ogre is heavily wounded.
Your shield prevents you from hitting the two-headed ogre.
The two-headed ogre is heavily wounded.
The two-headed ogre hits you with a giant club!!
* * * LOW HITPOINT WARNING * * *
The two-headed ogre hits you with a giant club!
* * * LOW HITPOINT WARNING * * *
You hit the two-headed ogre.
The two-headed ogre is severely wounded.
You hit the two-headed ogre!
The two-headed ogre is severely wounded.
You block the two-headed ogre's attack. x2
You hit the two-headed ogre.
The two-headed ogre is severely wounded.
You hit the two-headed ogre.
The two-headed ogre is severely wounded.
You block the two-headed ogre's attack.
The two-headed ogre hits you with a giant club!
You die...

##.......♣.♣.♣ .
#.......♣.♣.♣.♣
##......♣.♣._.♣.♣
#........♣.♣.♣.♣..
#........%♣.♣.♣...
##..........♣.♣....
#........#...♣..[#.
#......O..........
##.....@....####.
#..........##
#.........##
#.......###
#.....### #######


You could see a two-headed ogre.

Vanquished Creatures
  A hippogriff (D:8)
  A human (D:8)
  An ice beast (D:8)
  Purgy (Sewer)
  A bullfrog (D:8)
  3 scorpions
  A killer bee (D:8)
  A bullfrog zombie (D:5)
  2 crimson imps
  A centaur zombie (D:5)
  2 orc priests
  A hound (D:5)
  A jelly (D:8)
  A worker ant (D:4)
  An orc wizard (D:8)
  Robin (D:2)
  9 adders
  2 shadow imps (D:5)
  An ooze (D:2)
  An adder skeleton (D:4)
  4 worms
  2 dart slugs
  A leopard gecko (D:2)
  10 orcs
  6 giant cockroaches
  14 goblins
  8 hobgoblins
  8 jackals
  4 kobolds
  3 ball pythons
  5 bats
  9 frilled lizards
  A goblin skeleton (D:4)
  A goblin zombie (D:4)
  A jackal skeleton (D:8)
  A kobold skeleton (D:4)
  2 kobold zombies (D:4)
  An orc skeleton (D:4)
  4 orc zombies (D:4)
  7 rats
125 creatures vanquished.

Notes
Turn   | Place    | Note
-------+----------+-------------------------------------------
     0 | D:1      | theblackcape the Gnoll Skald began the quest for the Orb.
     0 | D:1      | Reached XP level 1. HP: 20/20 MP: 6/6
   387 | D:1      | Reached XP level 2. HP: 25/26 MP: 7/7
  1044 | D:2      | Noticed Robin
  1247 | D:1      | Reached XP level 3. HP: 26/31 MP: 7/9
  1269 | D:1      | Reached skill level 5 in Spellcasting
  1478 | D:2      | Killed Robin
  1478 | D:2      | Reached skill level 1 in Invocations
  1859 | D:2      | Reached skill level 1 in Short Blades
  1859 | D:2      | Reached skill level 1 in Long Blades
  1859 | D:2      | Reached skill level 1 in Maces & Flails
  1859 | D:2      | Reached skill level 1 in Polearms
  1859 | D:2      | Reached skill level 1 in Staves
  1859 | D:2      | Reached skill level 1 in Slings
  1859 | D:2      | Reached skill level 1 in Bows
  1859 | D:2      | Reached skill level 1 in Crossbows
  1859 | D:2      | Reached skill level 1 in Throwing
  1859 | D:2      | Reached skill level 1 in Stealth
  1859 | D:2      | Reached skill level 1 in Shields
  1859 | D:2      | Reached skill level 1 in Unarmed Combat
  1859 | D:2      | Reached skill level 1 in Evocations
  2071 | D:2      | Reached XP level 4. HP: 36/38 MP: 11/11
  2079 | D:2      | Learned a level 2 spell: Shroud of Golubria
  2082 | D:2      | Learned a level 2 spell: Song of Slaying
  2086 | D:2      | Learned a level 3 spell: Regeneration
  2090 | D:2      | Learned a level 3 spell: Spectral Weapon
  2095 | D:2      | Noticed a dagger
  2096 | D:2      | Noticed a hand axe
  2097 | D:2      | Found a hide-covered altar of Uskayaw.
  2541 | D:2      | Reached skill level 1 in Conjurations
  2541 | D:2      | Reached skill level 1 in Hexes
  2541 | D:2      | Reached skill level 1 in Summonings
  2541 | D:2      | Reached skill level 1 in Necromancy
  2541 | D:2      | Reached skill level 1 in Translocations
  2541 | D:2      | Reached skill level 1 in Transmutations
  2541 | D:2      | Reached skill level 1 in Fire Magic
  2541 | D:2      | Reached skill level 1 in Ice Magic
  2541 | D:2      | Reached skill level 1 in Air Magic
  2541 | D:2      | Reached skill level 1 in Earth Magic
  2541 | D:2      | Reached skill level 1 in Poison Magic
  2715 | D:3      | Reached XP level 5. HP: 43/43 MP: 4/12
  2945 | D:3      | Found an opulent altar of Gozag.
  2945 | D:3      | Found a sparkling altar of Nemelex Xobeh.
  2945 | D:3      | Found a sacrificial altar of Ru.
  3234 | D:3      | Found a glowing drain.
  3238 | Sewer    | Entered a sewer
  3265 | Sewer    | Noticed Purgy
  3287 | Sewer    | Killed Purgy
  3287 | Sewer    | Reached XP level 6. HP: 22/50 MP: 0/14
  3826 | D:4      | Found a glowing golden altar of the Shining One.
  3860 | D:4      | Reached skill level 5 in Fighting
  3860 | D:4      | Reached skill level 5 in Axes
  3860 | D:4      | Reached skill level 5 in Dodging
  3949 | D:4      | Noticed a green death
  3950 | D:4      | Found a burning altar of Makhleb.
  3953 | D:4      | Found a glowing silver altar of Zin.
  3953 | D:4      | Noticed an angel
  4236 | D:4      | Reached XP level 7. HP: 49/56 MP: 15/15
  4488 | D:5      | Entered Level 5 of the Dungeon
  4495 | D:5      | Found a shadowy altar of Dithmenos.
  4710 | D:5      | You fall through a shaft for 3 floors!
  4778 | D:8      | Noticed a yak
  4778 | D:8      | Noticed a hog
  4778 | D:8      | Noticed a human
  4792 | D:8      | Reached XP level 8. HP: 53/63 MP: 16/16
  4804 | D:8      | Noticed aaksess's ghost (novice FoEE)
  4867 | D:8      | Noticed a hippogriff
  4879 | D:8      | Killed a hippogriff
  4892 | D:8      | Found an iron altar of Okawaru.
  4914 | D:8      | Noticed a two-headed ogre
  4938 | D:8      | HP: 3/64 [two-headed ogre/giant club (13)]
  4944 | D:8      | Mangled by a two-headed ogre

Skill      XL: |  1  2  3  4  5  6  7  8 |
---------------+-------------------------+-----
Spellcasting   | 5 6 |  6.0
Invocations    | 1 2 3 |  3.6
Short Blades   | 1 2 3 |  3.3
Long Blades    | 1 2 3 |  3.3
Maces & Flails | 1 2 3 |  3.3
Polearms       | 1 2 3 |  3.3
Staves         | 1 2 3 |  3.3
Slings         | 1 2 3 |  3.3
Bows           | 1 2 3 |  3.3
Crossbows      | 1 2 3 |  3.3
Throwing       | 1 2 3 |  3.3
Stealth        | 1 2 3 |  3.3
Shields        | 1 2 3 |  3.3
Unarmed Combat | 1 2 3 |  3.3
Evocations     | 1 2 3 |  3.3
Conjurations   | 1 2 |  2.7
Hexes          | 1 2 |  2.7
Summonings     | 1 2 |  2.7
Necromancy     | 1 2 |  2.7
Translocations | 1 2 |  2.7
Transmutations | 1 2 |  2.7
Fire Magic     | 1 2 |  2.7
Ice Magic      | 1 2 |  2.7
Air Magic      | 1 2 |  2.7
Earth Magic    | 1 2 |  2.7
Poison Magic   | 1 2 |  2.7
Armour         | 3 4 |  4.2
Fighting       | 5 |  5.7
Axes           | 5 |  5.7
Dodging        | 5 |  5.7
Charms         | 6 |  6.1

Action                   |  1- 3 |  4- 6 |  7- 9 || total
-------------------------+-------+-------+-------++-------
Melee: Hand axe          |    79 |       |       ||    79
       Bite              |    11 |    18 |    20 ||    49
       Dagger            |    43 |   220 |   122 ||   385
 Cast: Infusion          |     6 |     8 |     6 ||    20
       Shroud of Golubri |       |     8 |     6 ||    14
       Song of Slaying   |       |       |     1 ||     1
Evoke: Wand              |       |       |     4 ||     4
  Use: Scroll            |       |     9 |     4 ||    13
       Potion            |       |       |     1 ||     1
 Stab: Sleeping          |     1 |     1 |     2 ||     4
  Eat: Chunk             |     4 |     5 |     1 ||    10
       Ration            |       |     1 |       ||     1
Armor: Leather armour    |    27 |    27 |       ||    54
       Troll leather arm |       |     5 |    22 ||    27
Dodge: Dodged            |    85 |   100 |    37 ||   222
Block: Shield            |       |    47 |    40 ||    87
